 Dungeon Crawl Stone Soup version 0.23.0 (webtiles) character file.

Game seed: 6411176751327604984

175 vishdafish the Cudgeler (level 5, 0/49 HPs)
             Began as a Troll Skald on Feb 15, 2019.
             Was an Initiate of Ru.
             Slain by a centaur
             ... wielding a +0 long sword
              (6 damage)
             ... on level 4 of the Dungeon.
             The game lasted 00:04:52 (2795 turns).

vishdafish the Cudgeler (Troll Skald)               Turns: 2795, Time: 00:04:52

Health: 0/49       AC:  6    Str: 19    XL:     5   Next: 29%
Magic:  5/6        EV: 10    Int: 10    God:    Ru [......]
Gold:   152        SH:  0    Dex:  9    Spells: 6/7 levels left

rFire    . . .     SeeInvis .   a - +0 mace
rCold    . . .     Gourm    +   (no shield)
rNeg     . . .     Faith    .   b - +0 robe
rPois    .         Spirit   .   (helmet restricted)
rElec    .         Reflect  .   (no cloak)
rCorr    .         Harm     .   (gloves unavailable)
MR       .....                  (boots unavailable)
Stlth    +.........             (no amulet)
HPRegen  0.56/turn              (no ring)
MPRegen  0.10/turn              (no ring)

@: infused
A: large, unfitting armour, claws 3, fast metabolism 3, gourmand, regeneration
1, shaggy fur 1, tough skin 3
a: Renounce Religion


You were on level 4 of the Dungeon.
You worshipped Ru.
Ru was noncommittal.
You were not hungry.

You visited 1 branch of the dungeon, and saw 4 of its levels.

You collected 152 gold pieces.

Inventory:

Hand Weapons
 a - a +0 mace (weapon)
Armour
 b - a +0 robe (worn)
Scrolls
 c - a scroll of fog {unknown}
 e - 3 scrolls of amnesia {unknown}
 f - 2 scrolls of enchant weapon {unknown}
 g - 3 scrolls of identify {unknown}
 h - a scroll of immolation {unknown}
 j - 2 scrolls of remove curse {unknown}
 k - a scroll of random uselessness {unknown}
 o - a scroll of magic mapping {unknown}
Potions
 i - 2 potions of haste {unknown}
 l - a potion of heal wounds {unknown}
 m - 3 potions of lignification
 n - 2 potions of flight {unknown}
 p - a potion of cancellation {unknown}
Comestibles
 d - 9 rations


   Skills:
 + Level 2.2 Fighting
 * Level 3.2 Maces & Flails
 + Level 2.5 Dodging
 + Level 1.8 Spellcasting
 + Level 2.4 Charms


You had 6 spell levels left.
You knew the following spells:

 Your Spells              Type           Power        Failure   Level  Hunger
a - Infusion              Chrm           #...         12%         1    ##.....

Your spell library contained the following spells:

 Spells                   Type           Power        Failure   Level  Hunger
 Song of Slaying          Chrm           #.......     19%         2    ###....
 Shroud of Golubria       Chrm/Tloc      #.........   30%         2    ###....
 Regeneration             Chrm/Necr      #.........   52%         3    ####...
 Spectral Weapon          Hex/Chrm       #.......     52%         3    ####...


Dungeon Overview and Level Annotations

Branches:
Dungeon (4/15)             Temple (0/1) D:4

Altars:
Elyvilon
Fedhas
Makhleb
Ru


Innate Abilities, Weirdness & Mutations

You are too large for most types of armour.
You have claws for hands.
Your metabolism is lightning-fast.
You like to eat raw meat.
Your natural rate of healing is unusually fast.
You are covered in fur. (AC +1)
You have extremely tough skin. (AC +3)


Message History

The giant cockroach bites you but does no damage.
You see here an arrow.
The centaur unwields a +0 shortbow.
The centaur wields a +0 long sword.
The centaur hits you with a +0 long sword!
The giant cockroach bites you but does no damage.
The giant cockroach closely misses you.
Casting: Infusion (safe; 12% risk of failure)
Confirm with . or Enter, or press ? or * to list all spells.
You begin infusing your attacks with magical energy.
The centaur closely misses you. The giant cockroach misses you.
The centaur hits you with a +0 long sword.
* * * LOW HITPOINT WARNING * * *
You completely miss the centaur.
The giant cockroach bites you but does no damage.
The centaur hits you with a +0 long sword.
* * * LOW HITPOINT WARNING * * *
You closely miss the centaur.
The giant cockroach bites you but does no damage.
The centaur hits you with a +0 long sword.
You die...

# #.# ##### #.#.#.#.# # #.# #...#
#.#.#.#.# # #.# #...# #.#.#.#.# #
#.# #...#######.....#.# #
######.#####..............##)# #
[..........((..............'... #
#############(.............####
#######........s.............###.
......#.#######(@c#............#.
#####.#....# #...##########.#.#.
.........#.####...# #.#.##
#####.##.####...#.# #...#.
.......#.#≈≈≈≈≈≈#.###########..#.
#####..#.####...####......# #....
#..#.#.#..............####.##
#..#.#.#.#######......'..(...
#..#.#.#.# #......####...


You could see a centaur and a giant cockroach.

Vanquished Creatures
  A howler monkey (D:4)
  An orc wizard (D:3)
  3 adders
  An adder skeleton (D:3)
  A worm (D:3)
  3 dart slugs
  A leopard gecko (D:1)
  6 orcs
  4 giant cockroaches
  7 hobgoblins
  5 jackals (D:1)
  4 kobolds
  A quokka (D:3)
  8 bats
  3 frilled lizards
  10 goblins
  5 rats
64 creatures vanquished.

Notes
Turn   | Place    | Note
-------+----------+-------------------------------------------
     0 | D:1      | vishdafish the Troll Skald began the quest for the Orb.
     0 | D:1      | Reached XP level 1. HP: 19/19 MP: 1/1
   107 | D:1      | Reached skill level 2 in Maces & Flails
   152 | D:1      | Reached XP level 2. HP: 26/28 MP: 2/2
   475 | D:1      | Reached XP level 3. HP: 33/35 MP: 4/4
  1429 | D:2      | Found a sacrificial altar of Ru.
  1641 | D:2      | Became a worshipper of Ru the Awakened
  1664 | D:3      | Found a white marble altar of Elyvilon.
  1722 | D:3      | Reached XP level 4. HP: 42/42 MP: 5/5
  1906 | D:3      | Reached skill level 3 in Maces & Flails
  1992 | D:3      | Found a burning altar of Makhleb.
  2482 | D:4      | Noticed a centaur
  2483 | D:4      | Found a blossoming altar of Fedhas.
  2532 | D:4      | Found a staircase to the Ecumenical Temple.
  2550 | D:4      | Reached XP level 5. HP: 33/49 MP: 6/6
  2795 | D:4      | Slain by a centaur

Skill      XL: |  1  2  3  4 |
---------------+-------------+-----
Maces & Flails | 2 3 |  3.2
Dodging        | 2 |  2.5
Fighting       | 2 |  2.2
Spellcasting   | |  1.8
Charms         | |  2.4

Action                   |  1- 3 |  4- 6 || total
-------------------------+-------+-------++-------
Melee: Mace              |   170 |   112 ||   282
 Cast: Infusion          |     2 |     4 ||     6
Invok: Reject Sacrifices |       |     1 ||     1
  Use: Potion            |       |     1 ||     1
 Stab: Sleeping          |       |     1 ||     1
  Eat: Chunk             |    14 |    12 ||    26
Armor: Robe              |   114 |    38 ||   152
       Skin              |       |    24 ||    24
Dodge: Dodged            |   121 |    49 ||   170
